 Dungeon Sprint DCSS version 0.30.0-2-g1aa4bd4387 (webtiles) character file.

Game seed: 11237624806069376096

8988 Groucho the Ninja (level 11, 58/58 HPs)
             Began as a Felid Berserker on May 7, 2023.
             Was the Champion of Trog.
             Got out of the dungeon alive.
             The game lasted 00:08:02 (3034 turns).

Groucho the Ninja (Felid Berserker)                 Turns: 3034, Time: 00:08:03

Health: 58/58      AC:  2    Str: 17    XL:     11   Next: 17%
Magic:  12/12      EV: 28    Int: 10    God:    Trog [******]
Gold:   1951       SH:  0    Dex: 15    Spells: 10/10 levels left
                                        Lives:  1   Deaths: 2

rFire   . .          .
                       - Unarmed
rCold   . . .        (shield unavailable)
rNeg    . . .        (body armour unavailable)
rPois   .            (helmet unavailable)
rElec   .            (cloak unavailable)
rCorr   .            (gloves unavailable)
SInv    +            (boots unavailable)
Will    +....        (no amulet)
Stlth   +++++++++    (no ring)
HPRegen 0.29/turn    (no ring)
MPRegen 0.13/turn

%: no teleportation
@: quick
A: very small, claws 1, fangs 3, see invisible, speed 1, shaggy fur 2, stealthy
paws, no weapons or thrown items, no armour, multi-lived
a: Renounce Religion, Berserk, Trog's Hand, Brothers in Arms


You escaped.
You worshipped Trog.
Trog was exalted by your worship.
You visited 1 branch You collected 1951 gold pieces.

Inventory:

Jewellery
 a - the ring "Litwideg" {Wiz rC+}
   (You found it in the Dungeon)

   [ring of wizardry]

   It improves your spell success rate.
   rC:        It protects you from cold.
Wands
 g - a wand of roots (13)
Scrolls
 h - 3 scrolls of identify {unknown}
Potions
 b - 2 potions of curing
 c - a potion of haste
 d - 2 potions of magic
 e - a potion of berserk rage
 f - a potion of resistance {unknown}


   Skills:
 + Level 13.2 Fighting
 + Level 16.9 Dodging
 O Level 27 Stealth
 + Level 13.2 Unarmed Combat


You had 10 spell levels left.
You didn't know any spells.
Your spell library was empty.

Dungeon Overview and Level Annotations

Branches:
Dungeon (1/1)

Altars:
Cheibriados
Dithmenos
Elyvilon
Fedhas
Gozag
Hepliaklqana
Kikubaaqudgha
Makhleb
Nemelex Xobeh
Okawaru
Qazlal
Ru
Sif Muna
Trog
Uskayaw
Vehumet
Wu Jian
Xom
Yredelemnul
Zin
The Shining One
Jiyva
Lugonu

Shops:
D ([(*((??!*[((**:[!([(


Innate Abilities, Weirdness & Mutations

You have sharp claws.
You have razor-sharp teeth.
You have supernaturally acute eyesight. (SInv)
You cover ground quickly. (Speed+)
You are covered in thick fur. (AC +2)
Your paws help you pounce on unaware monsters.
You are incapable of wielding weapons or throwing items.
You cannot wear armour.
You gain extra lives every three experience levels.


Message History

You kill the 12-headed hydra!
Trog accepts your kill.
Unknown command.
Unknown command.
You pounce on the unaware helpless floating eye!
You eviscerate the floating eye!!!!!
You kill the floating eye!
Trog accepts your kill.
You now have 1924 gold pieces (gained 27).
You now have 1951 gold pieces (gained 27).
You open the door.
There is an open door here.
There is an open door here.
Okay, then.
Search for what [Enter for "fire", or ? for help]? resi
There is an open door here.
There is an open door here.
Items here: †††††††.
You see here a lindwurm corpse.
There is an open door here.
There is an open door here.
You see here a demonic crawler corpse.
There is an open door here.
There is an open door here.
There is an open door here.
There is an open door here.
You see here a +0 pair of gloves.
You see here a +0 pair of gloves.
There is an open door here.
There is an open door, spattered with blood here.
Things that are here:
a +0 scythe of venom; a +0 robe
There is an open door here.
There is an open door here.
There is an open door here.
There is a staircase leading out of the dungeon here.
You can't go down here!
Unknown command.
Are you sure you want to leave the Dungeon?
This will make you lose the game!
You have escaped!

##################
#@.#..').#.)'..#__
#..').#..'..#..'..
#..#####'#####'#__
#..####..#...#[###
#..#__####..##§#§~
#..#_____##'#_.'§§
#⌠⌠#_.∩...'...§#§~
####_..__##_.#'##+
#_____###'#.#()


There were no monsters in sight!

Vanquished Creatures
  A hydra (D)
  2 centaur warriors (D)
  A lindwurm (D)
  An oklob plant (D)
  4 demonic crawlers (D)
  2 unseen horrors (D)
  A hornet (D)
  A slime creature (D)
  Sigmund (D)
  A yak (D)
  13 hogs (D)
  2 redbacks (D)
  2 floating eyes (D)
  An ogre (D)
  4 necrophages (D)
  8 jellies (D)
  Ijyb (D)
46 creatures vanquished.

Vanquished Creatures (collateral kills)
  Sonja (D)
  A deep troll (D)
  8 shining eyes (D)
  2 kobold demonologists (D)
  5 floating eyes (D)
  3 necrophages (D)
  A ballistomycete spore (D)
21 creatures vanquished.

Vanquished Creatures (others)
  A ballistomycete spore (D)
1 creature vanquished.

Grand Total: 68 creatures vanquished

Notes
Turn   | Place    | Note
-------+----------+-------------------------------------------
     0 | D        | Groucho the Felid Berserker began the quest for the Orb.
     0 | D        | Reached XP level 1. HP: 10/10 MP: 2/2
     2 | D        | Noticed Ijyb
     6 | D        | Killed Ijyb
     7 | D        | Reached skill level 8 in Stealth
     7 | D        | Reached XP level 2. HP: 14/14 MP: 3/3
   259 | D        | Noticed an ogre
   264 | D        | Killed an ogre
   265 | D        | Reached skill level 12 in Stealth
   265 | D        | Reached XP level 3. HP: 17/17 MP: 4/4
   265 | D        | Reached XP level 4. HP: 21/21 MP: 5/5
   515 | D        | Noticed Sigmund
   517 | D        | Killed Sigmund
   517 | D        | Reached ** piety under Trog
   518 | D        | Reached skill level 17 in Stealth
   518 | D        | Reached XP level 5. HP: 24/24 MP: 6/6
   518 | D        | Gained mutation: You are covered in thick fur. (AC +2)
                  | [Felid growth]
   518 | D        | Reached XP level 6. HP: 28/28 MP: 7/7
   530 | D        | Found a shimmering blue altar of Sif Muna.
   531 | D        | Found an ornate altar of the Wu Jian Council.
   532 | D        | Found a radiant altar of Vehumet.
   538 | D        | Found Yhaqemil's General Store.
   538 | D        | Found an ancient bone altar of Kikubaaqudgha.
   538 | D        | Found a hazy altar of Hepliaklqana.
   538 | D        | Found a stormy altar of Qazlal.
   538 | D        | Found a hide-covered altar of Uskayaw.
   538 | D        | Found a blossoming altar of Fedhas.
   538 | D        | Found a bloodstained altar of Trog.
   538 | D        | Found an iron altar of Okawaru.
   538 | D        | Found a basalt altar of Yredelemnul.
   538 | D        | Found a glowing golden altar of the Shining One.
   538 | D        | Found a snail-covered altar of Cheibriados.
   538 | D        | Found a sacrificial altar of Ru.
   538 | D        | Found a glowing silver altar of Zin.
   538 | D        | Found a shadowy altar of Dithmenos.
   538 | D        | Found a white marble altar of Elyvilon.
   538 | D        | Noticed a yak
   539 | D        | Found an opulent altar of Gozag.
   540 | D        | Killed a yak
   541 | D        | Reached skill level 5 in Dodging
   541 | D        | Reached skill level 18 in Stealth
   541 | D        | Found a sparkling altar of Nemelex Xobeh.
   578 | D        | Found a burning altar of Makhleb.
   578 | D        | Found a shimmering altar of Xom.
   578 | D        | Noticed a slime creature
   579 | D        | Found a viscous altar of Jiyva.
   579 | D        | Found a corrupted altar of Lugonu.
   584 | D        | Mangled by a slime creature
   585 | D        | Reached XP level 5. HP: -6/37 MP: 6/6
   601 | D        | Killed a slime creature
   602 | D        | Reached skill level 5 in Fighting
   602 | D        | Reached skill level 5 in Unarmed Combat
   602 | D        | Reached XP level 6. HP: 23/30 MP: 7/7
   765 | D        | Noticed a centaur warrior
   767 | D        | Noticed a centaur warrior
   768 | D        | Killed a centaur warrior
   769 | D        | Reached skill level 20 in Stealth
   769 | D        | Reached XP level 7. HP: 35/35 MP: 8/8
   769 | D        | Killed a centaur warrior
   769 | D        | Reached *** piety under Trog
   770 | D        | Reached skill level 10 in Dodging
   770 | D        | Reached skill level 21 in Stealth
   770 | D        | Reached XP level 8. HP: 40/40 MP: 9/9
   782 | D        | Noticed a hornet
   785 | D        | Killed a hornet
   796 | D        | Noticed an oklob plant
   806 | D        | Killed an oklob plant
   807 | D        | Reached skill level 22 in Stealth
   807 | D        | Reached XP level 9. HP: 45/45 MP: 10/10
  1070 | D        | Reached **** piety under Trog
  1463 | D        | Noticed an unseen horror
  1464 | D        | Noticed an unseen horror
  1470 | D        | Killed an unseen horror
  1472 | D        | Killed an unseen horror
  1473 | D        | Reached skill level 23 in Stealth
  1489 | D        | Reached ***** piety under Trog
  2096 | D        | Identified the ring "Litwideg" {Wiz rC+}
  2111 | D        | Found Erchacemy's Magic Scroll Shoppe.
  2111 | D        | Found Zoerun's Magic Scroll Shop.
  2111 | D        | Found Poochemp's Distillery.
  2113 | D        | Found Zimuniho's Assorted Antiques.
  2113 | D        | Found Yluikim's Armour Shop.
  2113 | D        | Found Plog's Antique Weapon Shoppe.
  2113 | D        | Found Pinuz's Antique Weapon Boutique.
  2113 | D        | Found Soshrosch's General Store.
  2113 | D        | Found Zuhaepn's General Store.
  2113 | D        | Found Kifog's Book Shoppe.
  2119 | D        | Found Melyg's Armour Boutique.
  2120 | D        | Found Pogecluo's Weapon Emporium.
  2120 | D        | Found Miremu Yshi's Distillery.
  2121 | D        | Found Uzekanemm's Antique Weapon Emporium.
  2167 | D        | Noticed a deep troll
  2175 | D        | Killed a deep troll
  2176 | D        | Reached XP level 10. HP: 34/51 MP: 11/11
  2184 | D        | Noticed Sonja
  2187 | D        | Killed Sonja
  2188 | D        | Reached skill level 10 in Fighting
  2188 | D        | Reached skill level 24 in Stealth
  2188 | D        | Reached skill level 10 in Unarmed Combat
  2306 | D        | Found Ythanus's Armour Emporium.
  2327 | D        | Found Ipozaceb's Weapon Boutique.
  2374 | D        | Noticed a shining eye
  2374 | D        | Noticed a shining eye
  2374 | D        | Noticed a shining eye
  2374 | D        | Noticed a shining eye
  2374 | D        | Noticed a shining eye
  2374 | D        | Noticed a shining eye
  2376 | D        | Paralysed by a floating eye for 4 turns
  2378 | D        | Killed a shining eye
  2379 | D        | Killed a shining eye
  2382 | D        | Killed a shining eye
  2382 | D        | Killed a shining eye
  2383 | D        | Reached skill level 25 in Stealth
  2384 | D        | Killed a shining eye
  2387 | D        | Noticed a shining eye
  2387 | D        | Noticed a shining eye
  2389 | D        | Killed a shining eye
  2392 | D        | Killed a shining eye
  2392 | D        | Killed a shining eye
  2393 | D        | Reached skill level 26 in Stealth
  2393 | D        | Reached XP level 11. HP: 56/56 MP: 12/12
  2398 | D        | Found Yppe Ruo's Weapon Shop.
  2398 | D        | Found Wohiur's Armour Shoppe.
  2398 | D        | Found Heofoxt's Antique Weapon Boutique.
  2398 | D        | Found Idaur's Antique Weapon Emporium.
  2459 | D        | Paralysed by a floating eye for 3 turns
  2462 | D        | Noticed a sixfirhy
  2463 | D        | Slain by a sixfirhy
  2464 | D        | Reached XP level 10. HP: -1/52 MP: 11/11
  2477 | D        | Noticed a sixfirhy
  2478 | D        | Reached skill level 15 in Dodging
  2770 | D        | Noticed a demonic crawler
  2770 | D        | Noticed a demonic crawler
  2770 | D        | Noticed a demonic crawler
  2770 | D        | Noticed a demonic crawler
  2772 | D        | Killed a demonic crawler
  2773 | D        | Killed a demonic crawler
  2783 | D        | Killed a demonic crawler
  2792 | D        | Killed a demonic crawler
  2856 | D        | Noticed a lindwurm
  2865 | D        | Killed a lindwurm
  2866 | D        | Reached skill level 27 in Stealth
  2926 | D        | Reached ****** piety under Trog
  2938 | D        | Reached XP level 11. HP: 47/57 MP: 12/12
  2962 | D        | Noticed a 12-headed hydra
  2964 | D        | Killed a 12-headed hydra
  3034 | D        | Got out of the dungeon alive.

Illustrated notes

Levels and vault maps discovered:
D:        dungeon_sprint_1 [red_sonja_temple_1, red_sonja_temple_small_1]

Skill      XL: |  1  2  3  4  5  6  7  8  9 10 11 |
---------------+----------------------------------+-----
Stealth        | 8 12 17 20 21 22 23 27 | 27.0
Fighting       | 5 6 7 8 9 12 13 | 13.2
Dodging        | 6 8 10 12 16 | 16.9
Unarmed Combat | 5 6 7 8 9 12 13 | 13.2

Action                     |  1- 3 |  4- 6 |  7- 9 | 10-12 || total
---------------------------+-------+-------+-------+-------++-------
  Melee: Unarmed           |     5 |    12 |    56 |    86 ||   159
         Bite              |     1 |       |     5 |     8 ||    14
         Punch             |     1 |     1 |     5 |     8 ||    15
 Invoke: Berserk           |     2 |     2 |     4 |     2 ||    10
         Trog's Hand       |       |     2 |     3 |     4 ||     9
         Brothers in Arms  |       |       |     2 |     5 ||     7
  Evoke: Wand              |       |     1 |       |       ||     1
    Use: Scroll            |       |     1 |       |       ||     1
         Potion            |       |       |     2 |     1 ||     3
   Stab: Sleeping          |     1 |     4 |     6 |     4 ||    15
 Armour: Skin              |       |       |     2 |     3 ||     5
  Dodge: Dodged            |     1 |     2 |    47 |   107 ||   157
